 Dungeon Crawl Stone Soup version 0.26-a0-1191-ge2a0e31ab3 (webtiles) character file.

Game seed: 7231670916735376180

96753 raph the Severer (level 16, -7/144 HPs)
             Began as a Hill Orc Fighter on Dec 27, 2020.
             Was an Elder of Beogh.
             Mangled by a merfolk
             ... wielding a +0 trident
              (46 damage)
             ... on level 3 of the Shoals on Dec 28, 2020.
             The game lasted 01:08:01 (31689 turns).

raph the Severer (Hill Orc Fighter)                Turns: 31689, Time: 01:08:01

Health: -7/144     AC: 31    Str: 21    XL:     16   Next: 17%
Magic:  26/26      EV: 21    Int:  8    God:    Beogh [****..]
Gold:   765        SH:  0    Dex: 15    Spells: 15/15 levels left

rFire    . . .     SeeInvis .   a - +1 war axe (vorpal)
rCold    . . .     Faith    .   c - +2 kite shield
rNeg     . . .     Spirit   .   k - +8 scale mail "Faiwn" {+Fly}
rPois    .         Reflect  +   W - +2 hat {Will+}
rElec    .         Harm     .   r - +2 cloak
rCorr    .         Rampage  .   x - +0 pair of gloves (curse)
Will     ++...                  j - +2 pair of boots {run}
Stlth    ..........             q - amulet of reflection
HPRegen  0.34/turn              I - +4 ring of evasion
MPRegen  0.20/turn              N - +4 ring of protection

@: sleeping, afraid, marked, mesmerised, quick
A: no striking features
a: Renounce Religion, Evoke Flight, Smiting, Recall Orcish Followers


You were on level 3 of the Shoals.
You worshipped Beogh.
Beogh was greatly pleased with you.
You visited 4 branches of the dungeon, and saw 26 of its levels.

You collected 2473 gold pieces.
You spent 1708 gold pieces at shops.

Inventory:

Hand Weapons
 a - a +1 vorpal war axe (weapon)
 b - a +0 hand crossbow
 M - a +5 long sword
 O - a +3 war axe
 T - a +0 halberd
 V - a +0 glaive
Missiles
 v - 8 boomerangs of dispersal (quivered)
Armour
 c - a +2 kite shield (worn)
 j - a +2 pair of boots of running (worn)
 k - the +8 scale mail "Faiwn" (worn) {+Fly}
   (You bought it in a shop on level 10 of the Dungeon)

   It lets you fly.
 r - a +2 cloak (worn)
 x - a cursed +0 pair of gloves (worn)
 W - a +2 hat of willpower (worn)
Jewellery
 q - an amulet of reflection (around neck)
 s - an uncursed ring of see invisible
 u - an uncursed ring of protection from fire
 I - a +4 ring of evasion (left hand)
 N - a +4 ring of protection (right hand)
 R - an uncursed ring of protection from cold
Wands
 d - a wand of enslavement (11)
 i - a wand of digging (11)
 w - a wand of iceblast (24)
 y - a wand of flame (13)
 C - a wand of polymorph (30)
 E - a wand of paralysis (17)
 G - a wand of acid (5)
Scrolls
 e - 7 scrolls of amnesia
 g - 13 scrolls of remove curse
 l - 2 scrolls of fog
 n - 14 scrolls of identify
 o - a scroll of enchant armour
 t - 10 scrolls of teleportation
 L - a scroll of blinking
 P - 2 scrolls of magic mapping
 Q - 3 scrolls of fear
Potions
 h - 11 potions of curing
 m - 2 potions of mutation
 p - a potion of berserk rage
 z - 7 potions of flight
 A - 7 potions of brilliance
 B - 5 potions of haste
 H - 4 potions of resistance
 K - 3 potions of heal wounds
 S - a potion of cancellation
 U - a potion of magic
 X - 2 potions of might
 Y - a potion of invisibility
 Z - a potion of ambrosia
Miscellaneous
 f - a phial of floods
 F - a condenser vane
 J - a phantom mirror


   Skills:
 + Level 13.2 Fighting
 - Level 16.0 Axes
 + Level 12.2 Armour
 + Level 11.6 Dodging
 * Level 12.7 Shields
 + Level 13.7 Invocations
 + Level 8.4 Evocations


You had 15 spell levels left.
You didn't know any spells.
Your spell library contained the following spells:

 Spells                   Type           Power        Failure   Level
 Beastly Appendage        Tmut           0%           77%         1
 Summon Small Mammal      Summ           0%           77%         1
 Call Imp                 Summ           0%           88%         2
 Wereblood                Tmut           0%           88%         2
 Call Canine Familiar     Summ           0%           98%         3
 Confusing Touch          Hex            0%           98%         3
 Gell's Gravitas          Tloc           0%           98%         3
 Portal Projectile        Hex/Tloc       0%           98%         3
 Spider Form              Tmut/Pois      0%           98%         3
 Summon Guardian Golem    Hex/Summ       0%           98%         3
 Ice Form                 Ice/Tmut       0%           100%        4
 Petrify                  Tmut/Erth      0%           100%        4
 Summon Ice Beast         Ice/Summ       0%           100%        4
 Summon Lightning Spire   Summ/Air       0%           100%        4
 Blade Hands              Tmut           0%           100%        5
 Metabolic Englaciation   Hex/Ice        0%           100%        5
 Yara's Violent Unravell  Hex/Tmut       0%           100%        5
 Dispersal                Tloc           0%           100%        6
 Disjunction              Tloc           0%           100%        8


Dungeon Overview and Level Annotations

Branches:
Dungeon (15/15)            Temple (0/1) D:4            Lair (6/6) D:11
 Shoals (3/4) Lair:4       Spider (0/4) Lair:2        Slime (0/5) Lair:6
    Orc (2/2) D:9             Elf (0/3) Orc:2        Vaults (0/5) D:13
 Depths (0/5) D:15

Altars:
Ashenzari
Cheibriados
Dithmenos
Elyvilon
Gozag
Hepliaklqana
Kikubaaqudgha
Nemelex Xobeh
Qazlal
Ru
Sif Muna
Trog
Vehumet
Xom

Shops:
D:10 [   Orc:1 *   Orc:2 (*[[   Shoals:2 (*}*!*

Annotations:
D:14 2 transporters, Egrijiokh's ghost, adept HuIE
Lair:2 1 runed translucent door, Ysuenkit's ghost, journeyman DDFi
Lair:5 exclusion: oklob plant


Message History

The water elemental is lightly damaged.
You are engulfed in a cloud of scalding steam.
* * * LOW HITPOINT WARNING * * *
The water elemental completely misses you.
Your neqoxec hits the merfolk.
Your neqoxec is engulfed in a cloud of scalding steam.
A dream sheep comes into view.
Bogdar hits something with a +1 flail!
The merfolk siren chants a haunting song.
You are mesmerised by the merfolk siren!
Bolgrim is engulfed in a cloud of scalding steam.
Your orc knight is engulfed in a cloud of scalding steam.
Your orc knight hits something with a +0 battleaxe!
A dream sheep comes into view.
Bogdar no longer looks unusually strong.
You block the snapping turtle's attack.
The dream sheep shake their wool and sparkle.
You feel drowsy...
You fall asleep.
The merfolk hits you from afar with a +0 trident!!!
You die...

≈≈≈≈≈≈PP####o.# #####o..
≈≈≈P≈≈PPP# ##o###..≈≈≈≈≈
≈≈≈≈≈≈≈≈≈..# #.o##.≈o≈≈≈≈
≈≈≈≈≈≈≈P≈.(## #.o...(≈≈.(≈
≈≈≈≈≈≈≈≈≈...####..≈≈≈≈.....
≈≈≈≈≈≈≈≈≈.....##o..........
≈≈≈≈≈≈≈≈((.(..###.o..≈...##
≈≈≈≈≈≈...≈..†.# ##oo...###
≈..≈≈...3≈@)..###o.#..##
≈..(≈≈..E.§oo..##.(...#
..#.≈≈(Ytmo§om[..)..###
≈...≈≈Y..)3o≈§m.....#
.....t....≈m)m..(...#
...[..?...≈m)mc###.##
..Y≈.....(≈≈...# ..#
...Y....(..≈≈.... ..
.P....#..?.≈≈≈≈≈..≈..


You could see an alligator snapping turtle, a merfolk javelineer, a satyr
(scary), 2 merfolk aquamancers, a snapping turtle, 2 merfolk, a water elemental,
a merfolk siren (mesmerising), 3 dream sheep, a friendly orc knight (strong,
fleeing), the friendly Bogdar the orc knight, the friendly Bolgrim the orc
knight (strong, fleeing, extremely poisoned), the friendly Olfik the orc knight
(strong, fleeing), the friendly Wardok the orc high priest (strong) and 2
friendly neqoxecs.

Vanquished Creatures
  Kirke (Shoals:1)
  The ghost of Pairic the Nimble, a journeyman DsBr of Cheibriados (Orc:1)
  Snorg (D:14)
  An ettin (D:15)
  A merfolk impaler (Shoals:1)
  A hydra (Lair:3)
  A merfolk aquamancer (Shoals:1)
  A satyr (Shoals:2)
  2 merfolk avatars (Shoals:2)
  A dancing weapon (D:13)
  2 catoblepae
  7 two-headed ogres
  5 death yaks
  An ogre mage (Orc:2)
  Pikel (D:5)
  A deep elf archer (D:15)
  A harpy (Shoals:3)
  3 deep elf magi
  6 fauns
  4 manticores
  6 ugly things
  4 cyclopes
  The ghost of skk the Slasher, a novice TeFi (D:5)
  A merfolk siren (Shoals:2)
  10 elephants
  A black mamba (Lair:5)
  A torpor snail (Lair:5)
  Maggie (D:6)
  2 water nymphs (Shoals:1)
  2 gargoyles (D:13)
  6 komodo dragons
  6 cane toads
  2 rime drakes
  A kobold demonologist (D:14)
  A tengu conjurer (D:15)
  A queen bee (D:13)
  2 meliai (D:13)
  11 trolls
  A slime creature (D:13)
  5 merfolk
  2 snapping turtles
  4 blink frogs (Lair:1)
  2 dream sheep (Lair:5)
  A shadow (D:14)
  3 redbacks (Lair:2)
  30 yaks
  2 water elementals (Shoals:1)
  4 hogs (Shoals:1)
  2 wraiths
  8 vampire mosquitoes
  A warg (Orc:1)
  2 basilisks
  2 water moccasins
  An acid dragon (D:15)
  2 ice beasts (D:13)
  8 orc warriors
  3 sky beasts
  3 boggarts (D:14)
  A phantom (D:4)
  5 black bears
  6 wolves
  18 ogres
  15 centaurs
  4 lemures (D:5)
  4 big kobolds
  8 bullfrogs
  Blork the orc (D:4)
  2 scorpions
  A water moccasin skeleton (D:9)
  15 killer bees
  8 wights
  2 electric eels (Lair:1)
  7 howler monkeys
  2 bullfrog zombies
  A quasit (D:10)
  4 centaur zombies
  4 centaur skeletons
  6 hounds
  A jelly (D:7)
  14 orc wizards
  2 bullfrog skeletons
  Terence (D:3)
  9 iguanas
  7 worker ants
  A hound zombie (D:8)
  2 hound skeletons
  A howler monkey skeleton (D:7)
  8 adders
  7 gnolls
  A shadow imp (D:5)
  2 white imps
  An ufetubus (D:6)
  An adder zombie (D:5)
  2 oozes (D:2)
  3 worms
  4 dart slugs
  6 leopard geckos
  24 orcs
  2 giant cockroaches
  4 goblins
  8 hobgoblins
  8 jackals
  14 kobolds
  6 quokkas
  A ball python (D:3)
  6 bats
  4 frilled lizards
  2 leopard gecko skeletons
  4 rats
  A butterfly (Lair:3)
458 creatures vanquished.

Vanquished Creatures (collateral kills)
  Jorgrun (Shoals:1)
  The ghost of Hauph the Martial Artist, a journeyman GnTm of the Shining One (D:13)
  2 merfolk impalers (Shoals:3)
  4 hydras
  2 boulder beetles
  An ogre mage (Orc:2)
  A merfolk avatar (Shoals:2)
  5 death yaks
  7 two-headed ogres
  2 merfolk aquamancers (Shoals:3)
  A dancing weapon (D:13)
  A catoblepas (Lair:5)
  An orc high priest (Orc:1)
  Urug (Lair:1)
  Sonja (D:13)
  A fire crab (shapeshifter) (D:15)
  An unseen horror (D:15)
  A sea snake (Shoals:3)
  2 deep trolls (Orc:2)
  2 harpies (Shoals:3)
  An oklob plant (Lair:5)
  3 manticores
  4 fauns
  14 ugly things
  5 slime creatures
  4 cyclopes
  3 centaur zombies
  7 elephants
  2 torpor snails (Lair:5)
  A merfolk siren (Shoals:1)
  A water nymph (Shoals:2)
  A centaur skeleton (D:13)
  3 black mambas
  2 cane toads
  3 komodo dragons
  4 kobold demonologists
  3 rime drakes
  The ghost of harkrass the Shield-Bearer, an amateur MiFi (D:4)
  11 merfolk
  3 wind drakes
  A meliai (D:13)
  5 trolls
  A polar bear (Lair:4)
  A hornet (D:14)
  6 blink frogs (Lair:1)
  A snapping turtle (Shoals:1)
  A spriggan (Lair:4)
  A water elemental (Shoals:1)
  A redback (Lair:2)
  2 vampires
  A shadow (D:15)
  15 yaks
  3 wyverns
  A hog (Shoals:1)
  2 basilisks
  6 vampire mosquitoes
  5 water moccasins
  3 hell hounds (D:14)
  A black bear (Lair:4)
  An ice beast (D:14)
  4 orc warriors
  2 sky beasts
  A phantom (D:11)
  5 ogres
  A boggart (D:14)
  8 centaurs
  8 wolves
  5 bullfrogs
  A gnoll sergeant (D:11)
  A water moccasin zombie (D:11)
  A scorpion (D:14)
  10 killer bees (D:13)
  A wight (D:11)
  3 hounds
  An orc priest (Orc:1)
  2 orc wizards (Orc:1)
  A worker ant (D:12)
  A hell rat (Lair:5)
  3 gnolls
  9 orcs
  A quokka (D:11)
  2 kobolds (D:14)
243 creatures vanquished.

Vanquished Creatures (others)
  A sea snake (Shoals:3)
  5 orc knights
  A wind drake (Shoals:3)
  13 orc warriors
  7 orc wizards
  34 orcs
  5 orc priests
  An iguana (D:10)
  31 fungi
  119 plants
217 creatures vanquished.

Grand Total: 918 creatures vanquished

Notes
Turn   | Place    | Note
-------+----------+-------------------------------------------
     0 | D:1      | raph the Hill Orc Fighter began the quest for the Orb.
     0 | D:1      | Reached XP level 1. HP: 19/19 MP: 1/1
   109 | D:1      | Reached skill level 3 in Axes
   297 | D:1      | Reached XP level 2. HP: 23/26 MP: 2/2
   357 | D:1      | Reached skill level 4 in Axes
   855 | D:2      | Found an ancient bone altar of Kikubaaqudgha.
   865 | D:2      | Reached XP level 3. HP: 31/31 MP: 3/3
  1059 | D:2      | Reached skill level 5 in Axes
  1406 | D:2      | Found a stormy altar of Qazlal.
  1414 | D:2      | Found a hazy altar of Hepliaklqana.
  1594 | D:2      | Reached XP level 4. HP: 39/39 MP: 4/4
  1868 | D:3      | Found a broken altar of Ashenzari.
  1908 | D:3      | Reached skill level 6 in Axes
  2044 | D:3      | Reached XP level 5. HP: 44/45 MP: 5/5
  2055 | D:3      | Noticed Terence
  2062 | D:3      | Killed Terence
  2063 | D:3      | Reached skill level 7 in Axes
  2291 | D:3      | Became a worshipper of Beogh the Brigand
  2300 | D:3      | Found a snail-covered altar of Cheibriados.
  2543 | D:3      | Found a white marble altar of Elyvilon.
  3178 | D:4      | Reached skill level 8 in Axes
  3178 | D:4      | Reached XP level 6. HP: 50/51 MP: 6/6
  3269 | D:4      | Noticed a phantom
  3294 | D:4      | Killed a phantom
  3441 | D:4      | Reached skill level 9 in Axes
  3472 | D:4      | Noticed Blork the orc
  3481 | D:4      | Killed Blork the orc
  3482 | D:4      | Reached XP level 7. HP: 45/57 MP: 7/7
  3603 | D:4      | Found a runed translucent door.
  3605 | D:4      | Noticed a two-headed ogre
  3605 | D:4      | Noticed harkrass's ghost (amateur MiFi)
  3689 | D:4      | Found a staircase to the Ecumenical Temple.
  3700 | D:4      | Reached skill level 10 in Axes
  3936 | D:5      | Entered Level 5 of the Dungeon
  3984 | D:5      | Reached * piety under Beogh
  4091 | D:5      | Found a runed translucent gate.
  4091 | D:5      | Found a runed translucent gate.
  4091 | D:5      | Found a runed translucent gate.
  4091 | D:5      | Noticed skk's ghost (novice TeFi)
  4104 | D:5      | Noticed Pikel
  4128 | D:5      | Killed Pikel
  4129 | D:5      | Reached skill level 12 in Axes
  4129 | D:5      | Reached XP level 8. HP: 20/64 MP: 8/8
  4493 | D:5      | Found a sacrificial altar of Ru.
  5425 | D:6      | Found a sparkling altar of Nemelex Xobeh.
  5434 | D:6      | Noticed Maggie
  5449 | D:6      | Killed Maggie
  5450 | D:6      | Reached skill level 13 in Axes
  5988 | D:7      | Found a radiant altar of Vehumet.
  6017 | D:7      | Reached skill level 14 in Axes
  6017 | D:7      | Reached XP level 9. HP: 70/70 MP: 9/9
  6200 | D:7      | Noticed a cyclops
  6650 | D:8      | Reached ** piety under Beogh
  6853 | D:8      | Noticed a two-headed ogre
  6862 | D:8      | Reached skill level 15 in Axes
  6886 | D:8      | Found a bloodstained altar of Trog.
  7167 | D:8      | Killed a two-headed ogre
  7168 | D:8      | Reached skill level 16 in Axes
  7168 | D:8      | Reached skill level 1 in Dodging
  7168 | D:8      | Reached skill level 1 in Invocations
  7974 | D:9      | Reached XP level 10. HP: 76/80 MP: 11/11
  8586 | D:9      | Reached skill level 5 in Fighting
  8608 | D:9      | Found a staircase to the Orcish Mines.
  8783 | D:10     | Entered Level 10 of the Dungeon
  8964 | D:10     | Reached *** piety under Beogh
  9004 | D:10     | Found Toupyn's Armour Emporium.
  9049 | D:10     | Paralysed by a centaur for 6 turns
  9213 | D:10     | Reached skill level 5 in Armour
  9222 | D:10     | Reached skill level 5 in Shields
 10387 | D:11     | Noticed a death yak
 10388 | D:11     | Noticed a death yak
 10388 | D:11     | Noticed a death yak
 10399 | D:11     | Killed a death yak
 10400 | D:11     | Reached skill level 5 in Dodging
 10400 | D:11     | Reached skill level 5 in Invocations
 10400 | D:11     | Gained Wardok as an ally
 10401 | D:11     | Reached XP level 11. HP: 27/91 MP: 13/15
 10403 | D:11     | Killed a death yak
 10406 | D:11     | Killed a death yak
 10408 | D:11     | Found a staircase to the Lair.
 10409 | D:11     | Reached **** piety under Beogh
 10413 | D:11     | Gained Bogdar as an ally
 11349 | D:11     | Found a sparkling altar of Nemelex Xobeh.
 11390 | D:11     | Noticed a two-headed ogre
 11396 | D:11     | Killed a two-headed ogre
 11550 | Lair:1   | Entered Level 1 of the Lair of Beasts
 11832 | Lair:1   | Noticed Urug
 11845 | Lair:1   | Reached XP level 12. HP: 63/102 MP: 16/18
 11847 | Lair:1   | Killed Urug
 12423 | Lair:1   | You fall into a shaft and drop 1 floor!
 12825 | Lair:2   | Found a hole to the Spider Nest.
 12902 | Lair:2   | Noticed a death yak
 12902 | Lair:2   | Noticed a death yak
 12903 | Lair:2   | Noticed a death yak
 12903 | Lair:2   | Noticed a death yak
 12905 | Lair:2   | Noticed a death yak
 12913 | Lair:2   | Killed a death yak
 12916 | Lair:2   | Killed a death yak
 12916 | Lair:2   | Killed a death yak
 12924 | Lair:2   | Killed a death yak
 12927 | Lair:2   | Killed a death yak
 13297 | Lair:2   | Got an ancient long sword
 13298 | Lair:2   | Identified the cursed +1 long sword of Causality {vorpal,
                  | Str+7 Int-5} (You found it on level 2 of the Lair of
                  | Beasts)
 13720 | Lair:2   | Reached ***** piety under Beogh
 13772 | Lair:2   | Found a runed translucent door.
 13772 | Lair:2   | Found a shimmering altar of Xom.
 13772 | Lair:2   | Noticed Ysuenkit's ghost (journeyman DDFi)
 13809 | Lair:2   | Noticed a boulder beetle
 13824 | Lair:2   | Killed a boulder beetle
 14521 | Lair:3   | Reached skill level 1 in Evocations
 14790 | Lair:3   | Noticed a catoblepas
 14807 | Lair:3   | Killed a catoblepas
 15468 | Lair:3   | Noticed a five-headed hydra
 15477 | Lair:3   | Killed a nine-headed hydra
 15478 | Lair:3   | Reached XP level 13. HP: 103/113 MP: 20/20
 15821 | Lair:3   | Reached skill level 10 in Fighting
 15821 | Lair:3   | Reached skill level 10 in Invocations
 15980 | Lair:4   | Found a staircase to the Shoals.
 17202 | Lair:5   | You fall into a shaft and drop 1 floor!
 17202 | Lair:6   | Entered Level 6 of the Lair of Beasts
 17654 | Lair:5   | Reached skill level 10 in Dodging
 17663 | Lair:5   | Reached ****** piety under Beogh
 17687 | Lair:5   | Reached skill level 10 in Shields
 17693 | Lair:5   | Reached skill level 10 in Armour
 18934 | Orc:1    | Entered Level 1 of the Orcish Mines
 19071 | Orc:1    | Found a runed translucent gate.
 19072 | Orc:1    | Found a runed translucent gate.
 19073 | Orc:1    | Found an opulent altar of Gozag.
 19073 | Orc:1    | Found a runed translucent gate.
 19074 | Orc:1    | Found Gysor's Assorted Antiques.
 19075 | Orc:1    | Noticed Pairic's ghost (journeyman DsBr)
 19115 | Orc:1    | Killed Pairic's ghost
 19187 | Orc:1    | Reached XP level 14. HP: 124/124 MP: 22/22
 19228 | Orc:1    | Reached skill level 5 in Evocations
 19236 | Orc:1    | Gained Bogric as an ally
 19467 | Orc:2    | Entered Level 2 of the Orcish Mines
 19574 | Orc:2    | Found a staircase to the Elven Halls.
 19693 | Orc:2    | Found Vonuffan's Antique Armour Shop.
 19694 | Orc:2    | Found Lejedewu's Assorted Antiques.
 19730 | Orc:2    | Found Toaneara's Antique Weapon Boutique.
 19732 | Orc:2    | Gained Orik as an ally
 19740 | Orc:2    | Found Yhaxoy's Armour Shop.
 19744 | Orc:2    | Your ally Orik died
 19754 | Orc:2    | Gained Bolgrim as an ally
 20031 | Orc:2    | Bought a pair of glowing gloves for 187 gold pieces
 20626 | D:7      | Found a shimmering blue altar of Sif Muna.
 20837 | D:5      | Killed skk's ghost
 20931 | D:4      | Killed harkrass's ghost
 20931 | D:4      | Gained Marbaugh as an ally
 21722 | D:12     | Gained Ogrik as an ally
 22048 | D:12     | Identified a scroll of acquirement
 22049 | D:12     | Acquired a +2 hat of willpower
 22739 | D:13     | Noticed Sonja
 22747 | D:13     | Your ally Ogrik died
 22747 | D:13     | Killed Sonja
 22979 | D:13     | Your ally Ogrik died
 23633 | D:13     | Identified a +1 pair of boots of running (You found it on
                  | level 13 of the Dungeon)
 23933 | D:13     | Found a gate to the Vaults.
 24042 | D:13     | Found a runed translucent door.
 24042 | D:13     | Noticed Hauph's ghost (journeyman GnTm)
 24057 | D:13     | Killed Hauph's ghost
 24058 | D:13     | Reached XP level 15. HP: 132/132 MP: 24/24
 24865 | D:14     | Found a transporter.
 24874 | D:14     | Noticed Egrijiokh's ghost (adept HuIE)
 25228 | D:14     | Found a transporter.
 25531 | D:14     | Found a shadowy altar of Dithmenos.
 25561 | D:14     | Noticed Snorg
 25574 | D:14     | Killed Snorg
 26112 | D:15     | Entered Level 15 of the Dungeon
 26635 | D:14     | Upgraded the game from 0.26-a0-1184-g95e395e029 to
                  | 0.26-a0-1191-ge2a0e31ab3
 26691 | D:15     | Found a staircase to the Depths.
 26832 | D:15     | Your ally Bogric died
 27151 | D:10     | Bought the +8 scale mail "Faiwn" {+Fly} for 637 gold pieces
 27850 | Shoals:1 | Entered Level 1 of the Shoals
 27850 | Shoals:1 | Noticed Jorgrun
 27865 | Shoals:1 | Killed Jorgrun
 29201 | Shoals:1 | Noticed Kirke
 29217 | Shoals:1 | Killed Kirke
 30181 | Shoals:2 | Found Rayce's Retail Resort.
 30232 | Shoals:2 | Bought an uncursed amulet of reflection for 420 gold pieces
 30655 | Shoals:2 | Reached XP level 16. HP: 46/143 MP: 26/26
 30980 | Shoals:2 | Found a shimmering altar of Xom.
 31000 | Shoals:2 | Found Tuurah's Antique Weapon Shop.
 31042 | Shoals:2 | Found Suony's Distillery.
 31050 | Shoals:2 | Bought a potion of haste for 160 gold pieces
 31050 | Shoals:2 | Bought a potion of haste for 160 gold pieces
 31050 | Shoals:2 | Bought a potion of heal wounds for 80 gold pieces
 31050 | Shoals:2 | Bought a potion of might for 64 gold pieces
 31100 | Shoals:2 | Found Qaogud's Gadget Shop.
 31112 | Shoals:2 | Found Huwniuvuu's Assorted Antiques.
 31117 | Shoals:2 | Found Teutey's General Store.
 31675 | Shoals:3 | Your ally Bogric died
 31683 | Shoals:3 | Gained Olfik as an ally
 31685 | Shoals:3 | Your ally Marbaugh died
 31689 | Shoals:3 | Mangled by a merfolk

Illustrated notes

Levels and vault maps discovered:
D:1:      psy_arrival_conway, layout_basic, serial_glass, glass_columns_a,
          glass_columns_a, glass_columns_a, glass_columns_a, glass_columns_b,
          glass_columns_a
D:2:      layout_loops_cross, overflow_temple_1_default,
          kiku_gazebo_garden_becter, nzn_hepliaklqana_mist_gate, serial_bayou,
          serial_bayou_pond_a, serial_bayou_pond_b, serial_bayou_pond_d,
          serial_bayou_pond_b, serial_bayou_lagoon_a, serial_bayou_pond_a
D:3:      layout_basic, kennysheep_slug_shrine, cheibrodos_ashenzari_chains,
          lemuel_coloured_pillars_altar, uniq_terence
D:4:      layout_loops_cross, minmay_temple_entry_junction,
          ebering_ghost_inner_flame, minmay_stone_trees_small,
          uniq_blork_the_orc
D:5:      layout_basic, overflow_temple_1_default, gammafunk_ghost_necromancy,
          uniq_pikel
D:6:      layout_basic, overflow_temple_1_default, uniq_maggie
D:7:      layout_cave_pools, nicolae_overflow_crystal_walls, led_sif_pool,
          minmay_manual_mess
D:8:      layout_cave_pods, trog_ov_bears_minmay
D:9:      layout_long_grid, orc_0_dummy, kennysheep_generic_room_16
D:10:     layout_basic, serial_shops, nicolae_shop_trees
D:11:     layout_gridville, dpeg_lair_monsters, nemelex_diamond_rough_becter
D:12:     layout_roguey, small_statue_intersection, drop_trap
D:13:     layout_roguey, erik_vaults_1, special_room [special_room_bee],
          gammafunk_ghost_grave, minmay_joined_circles, uniq_sonja
D:14:     layout_long_grid, nzn_ghost_randoct, nicolae_dithmenos_the_darkroom,
          hangedman_decor_lopped, minmay_rotating_lava, uniq_snorg
D:15:     hangedman_depths_entry_civil_slaughter, layout_cave_pools,
          dk_noncrumbling_3
Lair:1:   layout_chaotic_city, infiniplex_staircase_pool, uniq_urug
Lair:2:   layout_long_grid, spider_nest_entry_webs, ebering_ghost_xom
Lair:3:   beast_lair_carwin_large_1, layout_layer_cave, serial_bayou_shore_b,
          grunt_megastairs_5, lemuel_fruit_fields
Lair:4:   layout_misc_corridors, elwin_shoals_entry_rocks,
          grunt_forest_stairs_clearing
Lair:5:   nzn_winding_woodlands_cross [nzn_winding_woodlands_5x15_parted,
          nzn_winding_woodlands_5x15_cabin,
          nzn_winding_woodlands_5x15_longhouse,
          nzn_winding_woodlands_5x15_river_crossing,
          nzn_winding_woodlands_15x15_killbox], layout_cellular_growth,
          lemuel_oklob_altar, infiniplex_staircase_pool_2
Lair:6:   evilmike_catoblepas_cave, layout_cave_shapes, slime_altar_1,
          portal_ice_cave_demonic_guard, worms_lemuel
Shoals:1: layout_shoals, uniq_jorgrun, uniq_kirke
Shoals:2: layout_shoals, serial_shops, shop, nicolae_shop_statue_plus, shop,
          nicolae_shop_behind_doors, shop, nicolae_alphabet_shops,
          lemuel_centaur_altar
Shoals:3: layout_shoals, serial_shops, shop_scrolls,
          nicolae_shoals_aquamancer_cove
Orc:1:    layout_diamond_mine, ebering_ghost_gozag, minmay_orc_keep
Orc:2:    st_orc_open, layout_caves

Skill      XL: |  1  2  3  4  5  6  7  8  9 10 11 12 13 14 15 |
---------------+----------------------------------------------+-----
Axes           | 3 4 5 6 8 9 12 14 16 | 16.0
Fighting       | 4 6 8 9 11 12 13 | 13.2
Dodging        | 2 5 7 9 10 11 | 11.6
Invocations    | 2 5 8 9 11 12 13 | 13.7
Armour         | 4 6 7 9 10 11 12 | 12.2
Shields        | 4 6 7 9 10 11 12 | 12.7
Evocations     | 2 4 6 8 |  8.4

Action                   |  1- 3 |  4- 6 |  7- 9 | 10-12 | 13-15 | 16-18 || total
-------------------------+-------+-------+-------+-------+-------+-------++-------
Melee: War axe           |   121 |   146 |   267 |   508 |   974 |    47 ||  2063
Invok: Convert to Beogh  |       |     1 |       |       |       |       ||     1
       Smiting           |       |       |     1 |       |    12 |       ||    13
       Give Item to Name |       |       |       |     2 |     4 |       ||     6
       Recall Orcish Fol |       |       |       |       |     6 |       ||     6
       Resurrection      |       |       |       |       |     2 |       ||     2
Evoke: Condenser vane    |       |       |       |     1 |     1 |       ||     2
       Wand              |       |       |       |     7 |     2 |       ||     9
       Phantom mirror    |       |       |       |     1 |       |       ||     1
  Use: Potion            |       |     1 |     4 |     3 |       |       ||     8
       Scroll            |       |    13 |     9 |     9 |     9 |       ||    40
 Stab: Invisible         |       |       |     4 |       |       |       ||     4
       Distracted        |       |       |       |     4 |    16 |     2 ||    22
       Petrified         |       |       |       |       |     6 |       ||     6
Armor: Scale mail        |    63 |    11 |       |       |    64 |    29 ||   167
       Chain mail        |       |    57 |   135 |   155 |   192 |       ||   539
Dodge: Dodged            |    50 |    39 |    54 |   123 |   475 |    42 ||   783
Block: Kite shield       |    68 |    50 |   120 |   262 |   660 |    70 ||  1230
       Reflection        |       |       |       |       |    13 |    16 ||    29

Table legend: (Time is in decaauts)
 A = Elapsed time spent in this place.
 B = Non-inter-level travel time spent in this place.
 C = Inter-level travel time spent in this place.
 D = Time resting spent in this place.
 E = Time spent auto-exploring this place.
 F = Levels seen in this place.
 G = Mean time per level.
                   A        B        C        D        E       F      G
               +--------+--------+--------+--------+--------+-----+--------+
         Total |  31132 |  29455 |   1677 |  11812 |  12752 |  26 | 1197.4 |
       Dungeon |  18767 |  17624 |   1143 |   7208 |   7419 |  15 | 1251.1 |
          Lair |   7351 |   7050 |    301 |   2757 |   3402 |   6 | 1225.2 |
        Shoals |   3333 |   3272 |     61 |   1541 |   1150 |   3 | 1111.0 |
  Orcish Mines |   1681 |   1510 |    171 |    305 |    779 |   2 |  840.5 |
               +--------+--------+--------+--------+--------+-----+--------+

Top non-repeatable levels by time:
    D:14: 2057 daAuts
  Lair:5: 1835 daAuts
Shoals:1: 1814 daAuts
  Lair:2: 1790 daAuts
    D:13: 1606 daAuts
    D:11: 1551 daAuts
    D:10: 1466 daAuts
     D:4: 1415 daAuts
  Lair:3: 1412 daAuts
     D:3: 1404 daAuts
Shoals:2: 1288 daAuts
     D:5: 1214 daAuts
  Lair:1: 1170 daAuts
     D:7: 1141 daAuts
  Lair:4: 1113 daAuts
